 Dungeon Crawl Stone Soup version 0.23.2-40-g277498a001 (webtiles) character file.

Game seed: 13313977166715350097

1335 Exodus22XD the Thaumaturge (level 8, -8/41 HPs)
             Began as a Deep Elf Wizard on Sept 20, 2019.
             Killed from afar by Harold (14 damage)
             ... with a harpoon shot
             ... on level 7 of the Dungeon.
             The game lasted 00:20:09 (7124 turns).

Exodus22XD the Thaumaturge (Deep Elf Wizard)        Turns: 7124, Time: 00:20:09

Health: -8/41      AC:  6    Str:  4    XL:     8   Next: 35%
Magic:  0/25       EV: 13    Int: 26    God:
Gold:   474        SH:  0    Dex: 13    Spells: 18/29 levels left

rFire    . . .     SeeInvis .   D - staff of summoning
rCold    . . .     Gourm    .   (no shield)
rNeg     . . .     Faith    .   a - +0 robe
rPois    .         Spirit   .   t - +1 hat
rElec    .         Reflect  .   l - +0 cloak
rCorr    .         Harm     .   v - +0 pair of gloves
MR       .....                  B - +0 pair of boots
Stlth    ++........             (no amulet)
HPRegen  0.13/turn              (no ring)
MPRegen  0.19/turn              (no ring)

@: marked
A: no striking features
a: no special abilities


You were on level 7 of the Dungeon.
You were not hungry.

You visited 2 branches of the dungeon, and saw 8 of its levels.

You collected 474 gold pieces.

Inventory:

Hand Weapons
 k - a +2 quarterstaff of chaos
 o - a +0 dagger of holy wrath
Armour
 a - a +0 robe (worn)
 l - a +0 cloak (worn)
 t - a +1 hat (worn)
 v - a +0 pair of gloves (worn)
 B - a +0 pair of boots (worn)
Magical Staves
 D - an uncursed staff of summoning (weapon)
Wands
 u - a wand of disintegration (18)
 w - a wand of acid (15)
 z - a wand of iceblast (8)
Scrolls
 c - 2 scrolls of enchant weapon {unknown}
 e - 4 scrolls of fog {unknown}
 f - 4 scrolls of magic mapping {unknown}
 g - a scroll of noise {unknown}
 h - 7 scrolls of identify {unknown}
 i - 2 scrolls of teleportation {unknown}
 q - 3 scrolls of remove curse {unknown}
 s - 2 scrolls of immolation {unknown}
 y - 3 scrolls of blinking {unknown}
 A - a scroll of fear {unknown}
Potions
 b - a potion of heal wounds {unknown}
 j - 3 potions of degeneration {unknown}
 m - a potion of agility {unknown}
 n - a potion of flight {unknown}
 p - 3 potions of haste {unknown}
 r - 6 potions of curing {unknown}
 x - a potion of lignification {unknown}
Comestibles
 d - 14 rations


   Skills:
 - Level 2.4 Dodging
 - Level 2.4 Stealth
 * Level 11.3 Spellcasting
 - Level 4.9 Conjurations
 - Level 4.5 Summonings
 - Level 1.1 Translocations


You had 18 spell levels left.
You knew the following spells:

 Your Spells              Type           Power        Failure   Level  Hunger
a - Magic Dart            Conj           ####         1%          1    None
b - Call Imp              Summ           ######..     1%          2    None
c - Blink                 Tloc           N/A          3%          2    None
d - Conjure Flame         Conj/Fire      ####....     4%          3    None
e - Mephitic Cloud        Conj/Pois/Air  ###.....     6%          3    None

Your spell library contained the following spells:

 Spells                   Type           Power        Failure   Level  Hunger
 Confusing Touch          Hex            ##....       4%          1    None
 Sandblast                Erth           ##....       4%          1    None
 Stone Arrow              Conj/Erth      ####..       4%          3    None
 Passwall                 Tmut/Erth      ##......     6%          2    None
 Slow                     Hex            ##......     6%          2    None
 Gell's Gravitas          Tloc           ###.......   8%          3    None
 Confuse                  Hex            ##......     12%         3    None
 Petrify                  Tmut/Erth      ##......     36%         4    None
 Lee's Rapid Deconstruct  Erth           ##........   73%         5    ###....
 Metabolic Englaciation   Hex/Ice        ##........   73%         5    ###....
 Yara's Violent Unravell  Hex/Tmut       ##........   73%         5    ###....


Dungeon Overview and Level Annotations

Branches:
Dungeon (7/15)             Temple (1/1) D:7

Altars:
Ashenzari
Cheibriados
Dithmenos
Elyvilon
Fedhas
Gozag
Hepliaklqana
Kikubaaqudgha
Makhleb
Nemelex Xobeh
Okawaru
Qazlal
Ru
Sif Muna
Wu Jian
Xom
Yredelemnul
Zin
The Shining One

Shops:
D:4 =   D:6 *

Annotations:
D:7 Harold


Message History

You are yanked forward by the harpoon shot.
Casting: Blink (safe; 3% risk of failure)
Confirm with . or Enter, or press ? or * to list all spells.
You blink.
Your crimson imp barely misses Harold.
Harold pauses a moment, imagining something with a smile on his face.
Harold hits your crimson imp with a +0 mace.
Your crimson imp blinks!
Harold points at you and mumbles some strange words.
The harpoon shot hits you!
* * * LOW HITPOINT WARNING * * *
You are yanked forward by the harpoon shot.
Harold points at you and mumbles some strange words.
The mark upon you grows brighter.
Casting: Blink (safe; 3% risk of failure)
Confirm with . or Enter, or press ? or * to list all spells.
You blink.
Harold points at you and mumbles some strange words.
The harpoon shot hits you!
You die...

#..(......... ####......#..
#.......## # #........#.#
###### #........#.###. ####
.....# #.............. ..#
.8.8.#### #..#...§...#. #.#
⌠.⌠.....# #..#...@####
####.# .>.8.##.## #..@....#
#..... ⌠.⌠..#...# #######.##
###.##.# .8.8.....# #[.#..#
#......# .....#...# #..'5.+
#......# #####...##
###'#..#+####.#.## # ##..#
#####..........##...## #
#..####...<..[..............
#
#.....)....##'#..#+######.##
# #.#####....#)(+..+
#.....##


You could see Harold.

Vanquished Creatures
  Menkaure (D:7)
  A sky beast (D:6)
  An ice beast (D:5)
  2 ogres
  A bullfrog (D:6)
  3 scorpions
  A howler monkey (D:6)
  A crimson imp (D:7)
  An orc priest (D:4)
  2 hounds
  5 orc wizards
  Crazy Yiuf (D:2)
  Terence (D:1)
  An iguana (D:3)
  3 worker ants (D:5)
  2 adders
  A shadow imp (D:6)
  An ooze (D:1)
  A worm (D:3)
  2 dart slugs
  A leopard gecko (D:2)
  24 orcs
  5 giant cockroaches
  2 gnoll zombies (D:5)
  14 goblins
  12 hobgoblins
  2 jackals (D:1)
  3 quokkas
  3 ball pythons
  6 bats
  5 frilled lizards
  7 kobolds
  2 rats (D:2)
118 creatures vanquished.

Vanquished Creatures (collateral kills)
  A howler monkey (D:4)
  Robin (D:2)
  2 goblins (D:2)
4 creatures vanquished.

Vanquished Creatures (others)
  A kobold (D:1)
1 creature vanquished.

Grand Total: 123 creatures vanquished

Notes
Turn   | Place    | Note
-------+----------+-------------------------------------------
     0 | D:1      | Exodus22XD the Deep Elf Wizard began the quest for the Orb.
     0 | D:1      | Reached XP level 1. HP: 10/10 MP: 7/7
   331 | D:1      | Reached XP level 2. HP: 5/15 MP: 0/9
  1208 | D:2      | Reached XP level 3. HP: 19/19 MP: 3/10
  1501 | D:2      | Noticed Robin
  1882 | D:2      | Noticed Terence
  1925 | D:1      | Killed Terence
  1925 | D:1      | Reached XP level 4. HP: 7/24 MP: 0/12
  1929 | D:1      | Learned a level 2 spell: Call Imp
  1932 | D:1      | Learned a level 2 spell: Blink
  1936 | D:1      | Learned a level 3 spell: Conjure Flame
  1940 | D:1      | Learned a level 3 spell: Mephitic Cloud
  2151 | D:2      | Found a runed translucent door.
  2166 | D:2      | Noticed Crazy Yiuf
  2176 | D:2      | Killed Crazy Yiuf
  2544 | D:2      | Killed Robin
  2822 | D:3      | Reached XP level 5. HP: 28/28 MP: 9/13
  3685 | D:4      | Noticed a phantom
  3723 | D:4      | Reached XP level 6. HP: 8/32 MP: 2/14
  4139 | D:4      | Reached skill level 5 in Spellcasting
  4306 | D:4      | Found Aqirghan's Jewellery Emporium.
  4467 | D:4      | Reached skill level 6 in Spellcasting
  4603 | D:5      | Entered Level 5 of the Dungeon
  4608 | D:5      | Reached skill level 7 in Spellcasting
  4608 | D:5      | Reached XP level 7. HP: 36/36 MP: 8/19
  4875 | D:5      | Reached skill level 8 in Spellcasting
  5228 | D:5      | Found a basalt altar of Yredelemnul.
  5523 | D:6      | Found a snail-covered altar of Cheibriados.
  5523 | D:6      | Found a shimmering altar of Xom.
  5523 | D:6      | Found an iron altar of Okawaru.
  5573 | D:6      | Reached skill level 9 in Spellcasting
  5807 | D:6      | Found Jijiun's General Store.
  6141 | D:6      | Reached skill level 10 in Spellcasting
  6141 | D:6      | Reached XP level 8. HP: 41/41 MP: 18/24
  6346 | D:7      | Noticed Menkaure
  6361 | D:7      | Killed Menkaure
  6478 | D:7      | Found a staircase to the Ecumenical Temple.
  6510 | D:7      | Reached skill level 11 in Spellcasting
  6584 | Temple   | Entered the Ecumenical Temple
  7032 | D:7      | Noticed Harold
  7124 | D:7      | Killed from afar by Harold

Skill      XL: |  1  2  3  4  5  6  7  8 |
---------------+-------------------------+-----
Conjurations   | 2 3 4 |  4.9
Summonings     | 2 4 |  4.5
Spellcasting   | 7 10 11 | 11.3
Dodging        | |  2.4
Stealth        | |  2.4
Translocations | |  1.1

Action                   |  1- 3 |  4- 6 |  7- 9 || total
-------------------------+-------+-------+-------++-------
Melee: Quarterstaff      |       |     1 |       ||     1
 Cast: Magic Dart        |   105 |   112 |   137 ||   354
       Call Imp          |       |     5 |     5 ||    10
       Conjure Flame     |       |     6 |    11 ||    17
       Mephitic Cloud    |       |     7 |     4 ||    11
       Blink             |       |       |     4 ||     4
  Eat: Chunk             |     2 |     6 |     7 ||    15
       Ration            |       |     1 |       ||     1
Armor: Robe              |     8 |     9 |     6 ||    23
Dodge: Dodged            |    28 |    25 |    11 ||    64
